 Dungeon Crawl Stone Soup version 0.25-a0-731-g0472a16d6a (webtiles) character file.

Game seed: 6804803092933489269, levelgen mode: deterministic

20995 Amnesiac the Gelid (level 12, -14/104 HPs)
             Began as a Ghoul Ice Elementalist on Apr 8, 2020.
             Was a High Priest of Vehumet.
             Demolished by an orc knight
             ... wielding a +0 halberd
              (20 damage)
             ... on level 2 of the Orcish Mines.
             The game lasted 00:27:07 (10015 turns).

Amnesiac the Gelid (Ghoul Ice Elementalist)        Turns: 10015, Time: 00:27:08

Health: -14/104    AC: 14    Str: 13    XL:     12   Next: 85%
Magic:  3/24       EV: 18    Int: 14    God:    Vehumet [*****.]
Gold:   840        SH:  0    Dex:  9    Spells: 14/29 levels left

rFire    . . .     SeeInvis .   b - +1 scimitar (flame)
rCold    + . .     Gourm    .   (no shield)
rNeg     + + +     Faith    .   H - +0 steam dragon scales
rPois    ∞         Spirit   .   G - +1 helmet
rElec    .         Reflect  .   t - +2 cloak
rCorr    .         Harm     .   x - +2 pair of gloves
MR       .....                  z - +0 pair of boots
Stlth    ++........             D - amulet of magic regeneration
HPRegen  0.00/turn              p - +2 ring of evasion
MPRegen  0.44/turn              l - +4 ring of evasion

@: very slightly contaminated, rotting
A: rotting body, claws 1, carnivore, cold resistance 1, negative energy
resistance 3, inhibited regeneration, torment resistance, unbreathing
a: Renounce Religion


You were on level 2 of the Orcish Mines.
You worshipped Vehumet.
Vehumet was extremely pleased with you.
You were not hungry.

You visited 3 branches of the dungeon, and saw 13 of its levels.

You collected 1090 gold pieces.
You spent 250 gold pieces at shops.

Inventory:

Hand Weapons
 b - a +1 scimitar of flaming (weapon)
Armour
 q - +0 acid dragon scales
 t - a +2 cloak (worn)
 x - a +2 pair of gloves (worn)
 z - a +0 pair of boots (worn)
 G - a +1 helmet (worn)
 H - +0 steam dragon scales (worn)
Magical Staves
 a - an uncursed staff of cold
Jewellery
 f - an uncursed ring of ice
 k - an uncursed ring of ice
 l - a +4 ring of evasion (right hand)
 p - a +2 ring of evasion (left hand)
 D - an amulet of magic regeneration (around neck)
Wands
 g - a wand of enslavement (10)
 o - a wand of clouds (5)
 w - a wand of flame (20)
 y - a wand of iceblast (4)
 A - a wand of random effects (40)
 B - a wand of acid (2)
 F - a wand of polymorph (2)
Scrolls
 h - 2 scrolls of enchant armour {!r}
 i - a scroll of blinking {!r}
 s - 2 scrolls of teleportation {!r}
 u - 2 scrolls of fog {!r}
 v - 2 scrolls of remove curse {!r}
 C - a scroll of torment {!r, unknown}
Potions
 d - 3 potions of haste {!q}
 e - a potion of invisibility {!q}
 j - 2 potions of brilliance {!q}
 m - 8 potions of curing {!q}
 r - 2 potions of flight {!q}
 E - a potion of cancellation {!q}
Comestibles
 c - 20 rations
 I - 17 chunks of flesh


   Skills:
 - Level 9.0 Fighting
 - Level 4.0 Staves
 - Level 1.7 Dodging
 - Level 2.1 Stealth
 + Level 9.4 Spellcasting
 * Level 16.3 Ice Magic


You had 14 spell levels left.
You knew the following spells:

 Your Spells              Type           Power        Failure   Level  Hunger
a - Freeze                Ice            ####         0%          1    None
b - Frozen Ramparts       Ice            ######       1%          3    #......
c - Summon Ice Beast      Ice/Summ       ####....     3%          4    ###....
d - Hailstorm             Conj/Ice       ####....     1%          4    ###....
z - Ozocubu's Armour      Chrm/Ice       ####....     1%          3    #......

Your spell library contained the following spells:

 Spells                   Type           Power        Failure   Level  Hunger
 Yara's Violent Unravell  Hex/Tmut       #.........   58%         5    #####..
 Animate Skeleton         Necr           N/A          11%         1    None
 Apportation              Tloc           #.....       11%         1    None
 Corona                   Hex            #......      11%         1    None
 Summon Small Mammal      Summ           #...         11%         1    None


Dungeon Overview and Level Annotations

Branches:
Dungeon (10/15)            Temple (1/1) D:4            Lair (0/6) D:8
    Orc (2/2) D:10
    Elf: Orc:2

Altars:
Ashenzari
Cheibriados
Dithmenos
Elyvilon
Fedhas
Gozag
Hepliaklqana
Kikubaaqudgha
Makhleb
Nemelex Xobeh
Okawaru
Qazlal
Ru
Sif Muna
Trog
Uskayaw
Vehumet
Wu Jian
Xom
Yredelemnul
Zin
The Shining One
Beogh

Shops:
D:4 [   D:5 **   D:9 :!   Orc:2 *

Annotations:
Orc:1 2 runed translucent doors, exclusion: orange crystal statue


Innate Abilities, Weirdness & Mutations

Your body is rotting away.
You thrive on raw meat.
You are immune to poison.
You have sharp fingernails.
You are carnivorous and can eat meat at any time.
Your flesh is cold resistant. (rC+)
You are immune to negative energy. (rN+++)
You do not regenerate when monsters are visible.
You are immune to unholy pain and torment.
You can survive without breathing.


Message History

The orc priest no longer looks unusually strong.
The two-headed ogre misses you.
You riposte.
You barely miss the two-headed ogre.
The two-headed ogre is severely wounded.
The two-headed ogre completely misses you.
Casting: Summon Ice Beast (safe; 3% risk of failure)
Confirm with . or Enter, or press ? or * to list all spells.
A cannonade of hail descends around you!
The hail pelts the orc priest!
The orc priest is heavily wounded.
The hail pelts the two-headed ogre.
The two-headed ogre is severely wounded.
The frozen ramparts melt away.
The orc priest looks encouraged for a moment.
Casting: Hailstorm (safe; 1% risk of failure)
Confirm with . or Enter, or press ? or * to list all spells.
You miscast Hailstorm.
Nothing appears to happen.
The two-headed ogre hits you with a +0 giant club!
* * * LOW HITPOINT WARNING * * *
The two-headed ogre completely misses you.
The orc priest misses you.
The orc knight hits you from afar with a +0 halberd!
* * * LOW HITPOINT WARNING * * *
Okay, then.
Really read
i - 2 scrolls of blinking {!r}?
Blink to where?
Press: ? - help, Dir - move target cursor
As you read the scroll of blinking {!r}, it crumbles to dust.
The orc knight roars a battlecry!
The orc priest goes into a battle-frenzy!
The orc priest calls upon Beogh to heal something.
Really quaff
n - a potion of heal wounds {!q}?
You feel much better.
The orc knight hits you from afar with a +0 halberd!
* * * LOW HITPOINT WARNING * * *
Casting: Hailstorm (safe; 1% risk of failure)
Confirm with . or Enter, or press ? or * to list all spells.
A cannonade of hail descends around you!
The hail pelts the orc knight.
The orc knight is severely wounded.
Okay, then.
Evoke which item? (* to show all) (? for menu, Esc to quit)
That's the wrong kind of item! (Use * to select it.) Evoke which item? (* to show all) (? for menu, Esc to quit)
Okay, then.
There's nothing to close nearby.
Unknown command.
Unknown command.
Unknown command.
Evoke which item? (* to show all) (? for menu, Esc to quit)
Aiming: Corrosive Bolt
Press: ? - help, Shift-Dir - straight line, f - orc knight
Aim: an orc knight, wielding a +0 halberd and wearing a +0 chain mail (severely wounded)
The bolt of acid hits the orc knight.
The orc knight is splashed with acid.
The orc knight is almost dead.
The orc knight hits you from afar with a +0 halberd!!
* * * LOW HITPOINT WARNING * * *
Evoke which item? (* to show all) (? for menu, Esc to quit)
Aiming: Corrosive Bolt
Press: ? - help, Shift-Dir - straight line, f/p - orc knight
Aim: an orc knight, wielding a +0 halberd and wearing a +0 chain mail (almost dead)
The bolt of acid misses the orc knight.
The orc knight hits you from afar with a +0 halberd!!
You die...

### ####.## #.#...###
###.......# #
###....o<..## ##.
#@##..O#...#####.. #
#.#..o###...##....
##.#.o....##O........
#.......)###.o.......
##......).##........#
##.....)###o......)†
###..[).......##..)
#.#).......###...
###........# ##..


You could see an orc knight.

Vanquished Creatures
  An orc warlord (Orc:1)
  Fannar (D:10)
  Erica (D:8)
  4 two-headed ogres
  3 orc high priests
  4 orc knights
  3 orc sorcerers
  An elephant (D:8)
  Joseph (D:9)
  Maggie (D:9)
  3 trolls (Orc:1)
  Grinder (D:6)
  A hippogriff (D:7)
  Sigmund (D:2)
  A wyvern (D:10)
  A human (D:9)
  11 yaks
  2 hogs (D:9)
  A basilisk (D:8)
  A steam dragon (D:10)
  Edmund (D:6)
  2 wargs
  Menkaure (D:5)
  A water moccasin (D:8)
  An ice beast (D:7)
  20 orc warriors
  An eye of draining (D:10)
  A sky beast (D:10)
  A phantom (D:9)
  A black bear (D:9)
  8 ogres
  A crocodile (D:8)
  A centaur (D:9)
  A big kobold (D:7)
  9 bullfrogs
  A gnoll sergeant (D:5)
  4 wights (D:7)
  2 howler monkeys
  2 crimson imps
  2 bullfrog zombies (D:5)
  2 quasits (D:7)
  A hound (D:9)
  3 jellies
  10 orc priests
  19 orc wizards
  Terence (D:3)
  An iguana (D:7)
  Natasha (thrice) (D:3)
  6 worker ants
  A hound zombie (D:10)
  3 worker ant zombies
  A howler monkey skeleton (D:6)
  7 gnolls (D:5)
  12 adders
  A shadow imp (D:7)
  An ooze (D:5)
  4 worms
  5 dart slugs
  5 leopard geckos
  57 orcs
  2 ball pythons
  9 bats
  5 giant cockroaches
  6 goblins
  8 hobgoblins
  4 quokkas
  2 frilled lizards
  3 jackal skeletons
  9 kobolds
  6 rats
301 creatures vanquished.

Vanquished Creatures (collateral kills)
  An orc knight (Orc:2)
  The ghost of emiel the Slasher, a novice NaFi of Cheibriados (D:7)
  A slime creature (D:10)
  A sky beast (D:7)
  An ogre (Orc:1)
  A bullfrog (D:10)
  A centaur zombie (D:7)
  Crazy Yiuf (D:6)
8 creatures vanquished.

Vanquished Creatures (others)
  A quokka (D:7)
1 creature vanquished.

Grand Total: 310 creatures vanquished

Notes
Turn   | Place    | Note
-------+----------+-------------------------------------------
     0 | D:1      | Amnesiac the Ghoul Ice Elementalist began the quest for the
                  | Orb.
     0 | D:1      | Reached XP level 1. HP: 14/14 MP: 2/2
   147 | D:2      | Reached XP level 2. HP: 20/20 MP: 1/3
   176 | D:2      | Reached skill level 5 in Ice Magic
   386 | D:3      | Reached XP level 3. HP: 26/26 MP: 1/5
   391 | D:3      | Learned a level 3 spell: Frozen Ramparts
   429 | D:3      | Noticed a bullfrog
   455 | D:3      | Killed a bullfrog
   455 | D:3      | Reached XP level 4. HP: 13/33 MP: 0/6
   605 | D:3      | Noticed Natasha
   615 | D:3      | Killed Natasha
   615 | D:3      | Reached skill level 6 in Ice Magic
   615 | D:3      | Reached XP level 5. HP: 37/38 MP: 1/8
   687 | D:4      | Found a shattered altar of Ashenzari.
   737 | D:4      | Found a burning altar of Makhleb.
   737 | D:4      | Noticed a balrug
   791 | D:4      | Found Mijatynt's Armour Boutique.
   941 | D:4      | Found a staircase to the Ecumenical Temple.
   950 | Temple   | Entered the Ecumenical Temple
   997 | Temple   | Became a worshipper of Vehumet
  1068 | D:3      | Noticed Natasha
  1076 | D:3      | Killed Natasha
  1076 | D:3      | Reached XP level 6. HP: 45/45 MP: 3/9
  1723 | D:2      | Noticed Sigmund
  1741 | D:2      | Killed Sigmund
  1741 | D:2      | Reached skill level 1 in Fighting
  1741 | D:2      | Reached skill level 7 in Ice Magic
  1819 | D:2      | Found a blossoming altar of Fedhas.
  2060 | D:2      | Reached XP level 7. HP: 43/53 MP: 6/11
  2209 | D:2      | Reached * piety under Vehumet
  2209 | D:2      | Offered knowledge of Magic Dart by Vehumet.
  2324 | D:2      | Found a glowing silver altar of Zin.
  2454 | D:2      | Learned a level 3 spell: Ozocubu's Armour
  2456 | D:3      | Noticed Natasha
  2461 | D:3      | Killed Natasha
  2481 | D:3      | Learned a level 4 spell: Summon Ice Beast
  2723 | D:3      | Noticed Terence
  2738 | D:3      | Killed Terence
  3225 | D:4      | Bought a +2 pair of gloves for 214 gold pieces
  3314 | D:5      | Entered Level 5 of the Dungeon
  3314 | D:5      | Found Jijirchu's General Store.
  3361 | D:5      | Reached skill level 8 in Ice Magic
  3428 | D:5      | Found an iron altar of Okawaru.
  3456 | D:5      | Found a sparkling altar of Nemelex Xobeh.
  3465 | D:5      | Found Roprouni's General Store.
  3611 | D:5      | Noticed Menkaure
  3628 | D:5      | Killed Menkaure
  3628 | D:5      | Reached XP level 8. HP: 63/63 MP: 10/13
  3740 | D:5      | Reached ** piety under Vehumet
  3740 | D:5      | Offered knowledge of Shock by Vehumet.
  3843 | D:5      | Reached skill level 9 in Ice Magic
  3994 | D:5      | Bought a scroll of teleportation for 36 gold pieces
  4276 | D:5      | Learned a level 4 spell: Hailstorm
  4620 | D:6      | Found an iron altar of Okawaru.
  4831 | D:6      | Noticed Edmund
  4842 | D:6      | Killed Edmund
  4842 | D:6      | Reached skill level 5 in Spellcasting
  4914 | D:6      | Found a shadowy altar of Dithmenos.
  4962 | D:6      | Found an opulent altar of Gozag.
  5098 | D:6      | Noticed Grinder
  5102 | D:6      | Paralysed by Grinder for 3 turns
  5126 | D:6      | Paralysed by Grinder for 7 turns
  5141 | D:6      | Paralysed by Grinder for 3 turns
  5145 | D:6      | Paralysed by Grinder for 3 turns
  5151 | D:6      | Killed Grinder
  5151 | D:6      | Reached skill level 5 in Fighting
  5151 | D:6      | Reached skill level 10 in Ice Magic
  5151 | D:6      | Reached XP level 9. HP: 41/74 MP: 8/15
  5364 | D:6      | Found a runed translucent door.
  5365 | D:6      | Noticed Crazy Yiuf
  5452 | D:6      | Killed Crazy Yiuf
  5523 | D:7      | Found a white marble altar of Elyvilon.
  5559 | D:7      | Offered knowledge of Ignite Poison by Vehumet.
  5573 | D:7      | Found a stormy altar of Qazlal.
  5658 | D:7      | Found a runed translucent door.
  5659 | D:7      | Noticed emiel's ghost (novice NaFi)
  5870 | D:7      | Killed emiel's ghost
  5897 | D:7      | Reached skill level 11 in Ice Magic
  5908 | D:7      | Reached *** piety under Vehumet
  6728 | D:8      | Noticed an elephant
  6737 | D:8      | Reached XP level 10. HP: 77/84 MP: 14/18
  6743 | D:8      | Killed an elephant
  6743 | D:8      | Offered knowledge of Mephitic Cloud by Vehumet.
  6745 | D:8      | Reached skill level 12 in Ice Magic
  6758 | D:8      | Found a staircase to the Lair.
  6853 | D:8      | Noticed a two-headed ogre
  6860 | D:8      | Killed a two-headed ogre
  6968 | D:8      | Noticed Erica
  6990 | D:8      | Killed Erica
  7347 | D:9      | Found Qaimuelo's Book Emporium.
  7710 | D:9      | Found Zugamuonn's Distillery.
  7715 | D:9      | Noticed a two-headed ogre
  7716 | D:9      | Noticed Maggie
  7723 | D:9      | Killed a two-headed ogre
  7723 | D:9      | Reached skill level 13 in Ice Magic
  7723 | D:9      | Reached XP level 11. HP: 95/95 MP: 18/20
  7742 | D:9      | Killed Maggie
  7742 | D:9      | Reached **** piety under Vehumet
  7875 | D:9      | Noticed Joseph
  7895 | D:9      | Killed Joseph
  8002 | D:9      | Offered knowledge of Sticky Flame by Vehumet.
  8135 | D:10     | Entered Level 10 of the Dungeon
  8301 | D:10     | Got a spiked scale mail
  8321 | D:10     | Found a staircase to the Orcish Mines.
  8335 | D:10     | Noticed Fannar
  8370 | D:10     | Killed Fannar
  8386 | D:10     | Identified the cursed +0 scale mail of Disappointment
                  | {Regen+} (You found it on level 10 of the Dungeon)
  8670 | D:10     | Found a transporter.
  8670 | D:10     | Found a transporter.
  8671 | D:10     | Noticed a great orb of eyes
  8720 | D:10     | Reached skill level 14 in Ice Magic
  8834 | D:10     | Noticed a two-headed ogre
  8848 | D:10     | Killed a two-headed ogre
  8848 | D:10     | Reached skill level 1 in Staves
  9152 | Orc:1    | Entered Level 1 of the Orcish Mines
  9152 | Orc:1    | Noticed an orc knight
  9152 | Orc:1    | Noticed an orc sorcerer
  9158 | Orc:1    | Noticed an orc high priest
  9158 | Orc:1    | Noticed an orc sorcerer
  9168 | Orc:1    | Killed an orc sorcerer
  9169 | Orc:1    | Killed an orc sorcerer
  9173 | Orc:1    | Reached ***** piety under Vehumet
  9173 | Orc:1    | Offered knowledge of Yara's Violent Unravelling by Vehumet.
  9174 | Orc:1    | Killed an orc knight
  9174 | Orc:1    | Reached XP level 12. HP: 25/104 MP: 7/23
  9176 | Orc:1    | Found a runed translucent door.
  9210 | Orc:1    | Killed an orc high priest
  9262 | Orc:1    | Reached skill level 15 in Ice Magic
  9290 | Orc:1    | Found the +10 tower shield of Ignorance {rN+ Int-4}
  9295 | Orc:1    | Found a runed translucent door.
  9489 | Orc:1    | Found a roughly hewn altar of Beogh.
  9615 | Orc:1    | Noticed an orc warlord
  9711 | Orc:1    | Killed an orc warlord
  9883 | Orc:2    | Entered Level 2 of the Orcish Mines
  9958 | Orc:2    | Found Tefed's Assorted Antiques.
  9959 | Orc:2    | Noticed a two-headed ogre
  9959 | Orc:2    | Noticed an orc high priest
  9959 | Orc:2    | Noticed an orc high priest
  9966 | Orc:2    | Noticed a two-headed ogre
  9971 | Orc:2    | Killed an orc high priest
  9971 | Orc:2    | Killed an orc high priest
  9971 | Orc:2    | Reached skill level 16 in Ice Magic
  9973 | Orc:2    | Killed a two-headed ogre
 10015 | Orc:2    | Demolished by an orc knight

Levels and vault maps discovered:
D:1:      dpeg_arrival_renting, layout_basic
D:2:      layout_loops_ring, marbit_many_paths, lemuel_crystal_altar,
          uniq_sigmund
D:3:      layout_rooms, first_ration, uniq_terence, uniq_natasha
D:4:      layout_loops_ring, ashenzari_altar_1,
          minmay_temple_entry_proselytizer, serial_shops, shop_fountains,
          makhleb_altar_promises_db
D:5:      minmay_bubble_buster, layout_loops_ring, kennysheep_mini,
          serial_shops, shop, nicolae_shop_waterfront, basic_altar,
          uniq_menkaure
D:6:      layout_gridville, kennysheep_little_box, okawaru_metal_pillars_1_2,
          nicolae_gozag_seed_capital, uniq_edmund, uniq_grinder,
          uniq_crazy_yiuf_cottage
D:7:      layout_basic, kennysheep_mini_moat, elyvilon_altar_4,
          gammafunk_ghost_grave
D:8:      layout_basic, david_lair_generic, uniq_erica
D:9:      layout_cross, serial_shops, shop, shop_statue, grunt_livestock,
          uniq_joseph, uniq_maggie
D:10:     gammafunk_jiyva_shrine, layout_gridville, orc_0_dummy, uniq_fannar
Temple:   nicolae_temple_god_jail
Orc:1:    layout_caves, basic_altar, nicolae_orc_jurassic_orc,
          chequers_guarded_unrand_ignorance
Orc:2:    grunt_orc_tribal_feast, layout_diamond_mine, serial_shops,
          bzr_entry_gold, guppyfry_orc_lava_fort

Skill      XL: |  1  2  3  4  5  6  7  8  9 10 11 12 |
---------------+-------------------------------------+-----
Spellcasting   | 2 3 4 5 6 7 8 9 |  9.4
Ice Magic      | 5 6 7 8 10 11 13 14 16 | 16.3
Fighting       | 1 3 5 6 8 9 |  9.0
Staves         | 3 4 |  4.0
Dodging        | |  1.7
Stealth        | |  2.1

Action                   |  1- 3 |  4- 6 |  7- 9 | 10-12 || total
-------------------------+-------+-------+-------+-------++-------
Melee: Unarmed           |    17 |       |       |       ||    17
       Spear             |       |     1 |       |       ||     1
       Short sword       |       |       |   182 |     3 ||   185
       Scimitar          |       |       |       |    26 ||    26
 Fire: Arbalest          |       |       |     8 |       ||     8
 Cast: Freeze            |    20 |    48 |   102 |   192 ||   362
       Frozen Ramparts   |     1 |     6 |    20 |    42 ||    69
       Summon Ice Beast  |       |       |     6 |    17 ||    23
       Hailstorm         |       |       |       |    17 ||    17
Evoke: Wand              |       |       |     2 |     5 ||     7
  Use: Scroll            |       |     9 |     5 |    10 ||    24
       Potion            |       |     4 |       |     3 ||     7
 Stab: Sleeping          |       |       |     2 |       ||     2
       Distracted        |       |       |     1 |       ||     1
  Eat: Chunk             |     1 |    11 |    17 |    42 ||    71
Armor: Robe              |     5 |     3 |    13 |       ||    21
       Ring mail         |       |       |   127 |    18 ||   145
       Acid dragon scale |       |       |       |    26 ||    26
       Steam dragon scal |       |       |       |    20 ||    20
Dodge: Dodged            |    18 |    19 |   221 |   176 ||   434
       Rpst.: Scimitar   |       |       |       |    42 ||    42

Table legend:
 A = Non-vault XP
 B = Vault XP
 C = Vault XP percentage of total XP
 D = Non-vault monster count
 E = Vault monster count
 F = Vault count percentage of total count
                 A         B        C        D         E       F
            +---------+---------+-------+---------+---------+-------
      Total |   20108 |    9886 |  33.0 |     267 |      42 |  13.6
            +---------+---------+-------+---------+---------+-------
        D:1 |      20 |       0 |   0.0 |      12 |       0 |   0.0
        D:2 |      97 |     225 |  69.9 |      26 |       2 |   7.1
        D:3 |     245 |      71 |  22.5 |      17 |       2 |  10.5
        D:4 |     146 |      41 |  21.9 |      12 |       1 |   7.7
        D:5 |     448 |     341 |  43.2 |      18 |      11 |  37.9
        D:6 |     516 |     467 |  47.5 |      21 |       3 |  12.5
        D:7 |    1404 |     272 |  16.2 |      33 |       1 |   2.9
        D:8 |    1297 |    1838 |  58.6 |       7 |       5 |  41.7
        D:9 |    2385 |    1774 |  42.7 |      21 |       7 |  25.0
       D:10 |    3268 |     811 |  19.9 |      27 |       1 |   3.6
      Orc:1 |    9305 |       0 |   0.0 |      61 |       0 |   0.0
      Orc:2 |     977 |    4046 |  80.5 |      12 |       9 |  42.9
            +---------+---------+-------+---------+---------+-------
